 Dungeon Crawl Stone Soup version 0.31-a0-187-gba352fbbf7 (webtiles) character file.

Game seed: 9975790342724583454

1040 qw the Skirmisher (level 8, -1/44 HPs)
             Began as a Deep Elf Hunter on June 22, 2023.
             Slain by Maggie
             ... wielding a +4 scimitar of flaming
              (2 damage)
             ... on level 6 of the Dungeon.
             The game lasted 00:01:11 (3260 turns).

qw the Skirmisher (Deep Elf Hunter)                 Turns: 3260, Time: 00:01:11

Health: -1/44      AC:  6    Str:  8    XL:     8   Next: 4%
Magic:  10/10      EV: 13    Int: 18    God:
Gold:   278        SH:  0    Dex: 27    Spells: 7/7 levels left

rFire   + . .        a - +0 shortbow (heavy)
rCold   . . .        (shield currently unavailable)
rNeg    . . .        g - +0 ring mail
rPois   .            (helmet restricted)
rElec   .            (no cloak)
rCorr   .            (no gloves)
SInv    .            d - +0 pair of boots
Will    .....        (no amulet)
Stlth   ++           e - +6 ring of dexterity
HPRegen 0.27/turn    (no ring)
MPRegen 0.12/turn

%: no passive effects
@: no status effects
A: horns 1, agile 1, clever 1, fire resistance 1
a: no special abilities


You were on level 6 of the Dungeon.
You visited 1 branch of the dungeon, and saw 6 of its levels.

You collected 278 gold pieces.


Innate Abilities, Weirdness & Mutations

You have a pair of small horns on your head.
You are agile. (Dex +4, Str/Int -1)
Your mind is acute. (Int +4, Str/Dex -1)
Your flesh is heat resistant. (rF+)


   Skills:
 - Level 2.0 Fighting
 + Level 11.6 Ranged Weapons
 - Level 1.6 Armour
 - Level 5.3 Dodging
 - Level 1.2 Stealth


You had 7 spell levels left.
You didn't know any spells.
Your spell library was empty.

Inventory:

Hand Weapons
 a - a +0 heavy shortbow (weapon)
Armour
 d - a +0 pair of boots (worn)
 g - a +0 ring mail (worn)
Jewellery
 e - a +6 ring of dexterity (left hand)
Scrolls
 b - a scroll of identify
Potions
 c - a potion of resistance
 f - 3 potions of curing
 i - a potion of mutation
 j - a potion of lignification {unknown}
 k - a potion of might
 m - a potion of enlightenment {unknown}

Dungeon Overview and Level Annotations

Branches:
Dungeon (6/15)
 Temple: D:4-7

Altars:
Sif Muna
Zin

Shops:
D:2 :[[[*

Annotations:
D:6 Maggie


Message History

You shoot an arrow. The arrow hits Maggie.
Maggie is moderately wounded.
Maggie hits you with a +4 scimitar of flaming!
Maggie burns you.
You shoot an arrow. The arrow barely misses Maggie.
Maggie says, "Fear not.
I will immortalize you in the tale of my first kill."
Maggie hits you but does no damage.
You shoot an arrow. The arrow hits Maggie!
Maggie is heavily wounded.
Maggie closely misses you. Maggie barely misses you.
You shoot an arrow.
The arrow hits Maggie but does no damage.
Maggie is heavily wounded.
Maggie hits you with a +4 scimitar of flaming!
Maggie burns you.
You shoot an arrow. The arrow hits Maggie!
Maggie is almost dead.
Maggie hits you with a +4 scimitar of flaming!
Maggie burns you.
Maggie mumbles some strange words.
Maggie draws you further into her thrall.
You shoot an arrow. The arrow hits Maggie.
Maggie is almost dead.
Maggie barely misses you.
You shoot an arrow. The arrow hits Maggie.
Maggie is almost dead.
Maggie closely misses you.
You shoot an arrow.
The arrow hits Maggie but does no damage.
Maggie is almost dead.
Maggie closely misses you. x2
You shoot an arrow. The arrow completely misses Maggie.
Maggie points at you and mumbles some strange words.
The bolt of fire misses you.
You shoot an arrow. The arrow hits Maggie.
Maggie is almost dead.
You break out of your daze.
Maggie hits you with a +4 scimitar of flaming!
Maggie burns you.
You die...

####.####....%.....#
###.# ######........
#...# #####.#.#
#.### .# . #.# .#
#.# ( #.# # #.####
#.##@# #)..#..#@..#
#.##..###...... #
#.#. #.#### ... #.
.# .... .# . #.### .
. #.. ## #. ..


You could see Maggie.

Vanquished Creatures
  Grinder (D:5)
  Sigmund (D:6)
  An ice beast (D:5)
  An ogre (D:5)
  3 wights (D:6)
  A howler monkey (D:6)
  2 hounds
  A gnoll bouda (D:5)
  Jessica (D:3)
  2 iguanas (D:6)
  4 gnolls (D:5)
  5 adders
  An ufetubus (D:4)
  4 dart slugs
  3 worms
  An orc (D:6)
  8 endoplasms
  2 giant cockroaches
  3 goblins
  5 hobgoblins
  2 quokkas
  8 ball pythons
  3 bats
  3 frilled lizards
  2 kobolds
  8 rats
76 creatures vanquished.

Notes
Turn   | Place    | Note
-------+----------+-------------------------------------------
     0 | D:1      | qw the Deep Elf Hunter began the quest for the Orb.
     0 | D:1      | Reached XP level 1. HP: 12/12 MP: 3/3
     0 | D:1      | 0 ||| qw: Version: 0.3-a-9-g12657ce
     0 | D:1      | 0 ||| qw: Game counter: 1956
     0 | D:1      | 0 ||| qw: Always use a shield: true
     0 | D:1      | 0 ||| qw: God list: Okawaru
     0 | D:1      | 0 ||| qw: Allow faded altars: false
     0 | D:1      | 0 ||| qw: Do Orc after D:15 true
     0 | D:1      | 0 ||| qw: Do second Lair branch before Depths: true
     0 | D:1      | 0 ||| qw: Lair rune preference: random
     0 | D:1      | 0 ||| qw: Plans: Normal
     0 | D:1      | 0 ||| PLANNING D:1-11
   152 | D:1      | Reached XP level 2. HP: 16/16 MP: 4/4
   157 | D:1      | Reached skill level 6 in Ranged Weapons
   268 | D:1      | Found a faded altar of an unknown god.
   484 | D:1      | 484 ||| UPGRADING to +0 ring mail.
   494 | D:1      | 494 ||| DROPPING +0 leather armour.
   495 | D:1      | 495 ||| READING scroll labelled KAINEWOAMI.
   496 | D:1      | 496 ||| READING scroll labelled GALEISHYIS.
   497 | D:1      | 497 ||| DRINKING 3 purple potions.
   498 | D:1      | 498 ||| DROPPING scroll of butterflies.
   527 | D:2      | Found Womo's Armour Boutique.
   725 | D:2      | Found Lobbibreys's General Store.
   744 | D:2      | Found Icoupp's Antique Armour Shop.
   749 | D:2      | 749 ||| SHOPLISTING faintly glowing ring mail (225 gold,
                  | have 42).
   749 | D:2      | 749 ||| SHOPLISTING glowing helmet (187 gold, have 42).
   851 | D:2      | Reached XP level 3. HP: 20/20 MP: 5/5
   912 | D:2      | Found Onie's Antique Armour Boutique.
   924 | D:2      | 924 ||| SHOPLISTING cloak (108 gold, have 60).
   924 | D:2      | 924 ||| SHOPLISTING pair of embroidered boots (180 gold,
                  | have 60).
   970 | D:2      | Found Bessa's Book Boutique.
  1017 | D:2      | Reached skill level 7 in Ranged Weapons
  1163 | D:2      | 1163 ||| UPGRADING to +6 ring of dexterity.
  1164 | D:2      | 1164 ||| READING 2 scrolls labelled SACRUSMYAGU.
  1165 | D:2      | 1165 ||| READING scroll labelled VIAWEA XOFYFAJ.
  1266 | D:2      | 1266 ||| DROPPING scroll of amnesia.
  1528 | D:3      | Reached XP level 4. HP: 25/25 MP: 6/6
  1903 | D:3      | Noticed Jessica
  1905 | D:3      | Killed Jessica
  1906 | D:3      | Reached skill level 8 in Ranged Weapons
  1913 | D:3      | Found a shimmering blue altar of Sif Muna.
  1955 | D:3      | 1955 ||| UPGRADING to +0 pair of boots.
  1960 | D:3      | 1960 ||| READING scroll labelled XUMEONGO LARU.
  1961 | D:3      | 1961 ||| READING 2 scrolls labelled LUIVEZIUZE.
  1962 | D:3      | 1962 ||| READING scroll labelled OWOIVV FAARENTAEHO.
  1963 | D:3      | 1963 ||| READING 2 scrolls of identify.
  1963 | D:3      | 1963 ||| IDENTIFYING red potion
  1964 | D:3      | 1964 ||| DROPPING scroll of immolation.
  2235 | D:4      | Reached skill level 3 in Dodging
  2278 | D:4      | Reached XP level 5. HP: 29/29 MP: 7/7
  2571 | D:4      | 2571 ||| READING scroll labelled XOYPRETR NEGGA.
  2576 | D:4      | 2576 ||| DRINKING 2 white potions.
  2576 | D:4      | Gained mutation: Your flesh is heat resistant. (rF+)
                  | [potion of mutation]
  2576 | D:4      | Gained mutation: Your mind is acute. (Int +4, Str/Dex -1)
                  | [potion of mutation]
  2576 | D:4      | Gained mutation: You have a pair of small horns on your
                  | head. [potion of mutation]
  2576 | D:4      | Gained mutation: You are agile. (Dex +4, Str/Int -1)
                  | [potion of mutation]
  2577 | D:4      | 2577 ||| READING 3 scrolls of identify.
  2577 | D:4      | 2577 ||| IDENTIFYING inky potion
  2578 | D:4      | 2578 ||| READING 2 scrolls of identify.
  2578 | D:4      | 2578 ||| IDENTIFYING glowing inky potion
  2579 | D:4      | 2579 ||| DROPPING potion of magic.
  2590 | D:5      | Entered Level 5 of the Dungeon
  2610 | D:5      | Found a glowing silver altar of Zin.
  2649 | D:5      | Noticed an ogre
  2653 | D:5      | Killed an ogre
  2654 | D:5      | Reached skill level 9 in Ranged Weapons
  2742 | D:5      | Reached XP level 6. HP: 35/35 MP: 8/8
  2750 | D:5      | Noticed Grinder
  2759 | D:5      | 2759 ||| FLEEEEING.
  2760 | D:5      | 2760 ||| FLEEEEING.
  2761 | D:5      | 2761 ||| FLEEEEING.
  2762 | D:5      | 2762 ||| FLEEEEING.
  2763 | D:5      | 2763 ||| FLEEEEING.
  2764 | D:5      | 2764 ||| FLEEEEING.
  2765 | D:5      | 2765 ||| FLEEEEING.
  2766 | D:5      | 2766 ||| FLEEEEING.
  2767 | D:5      | 2767 ||| STAIRDANCE
  2821 | D:4      | 2821 ||| READING scroll labelled RIXIESE TUCW.
  2831 | D:5      | 2831 ||| FLEEEEING.
  2832 | D:5      | 2832 ||| STAIRDANCE
  2858 | D:5      | Paralysed by Grinder for 5 turns
  2863 | D:5      | Killed Grinder
  2864 | D:5      | Reached skill level 10 in Ranged Weapons
  2864 | D:5      | Reached XP level 7. HP: 40/40 MP: 9/9
  2975 | D:5      | Reached skill level 1 in Armour
  3070 | D:5      | 3070 ||| DROPPING ring of magical power.
  3071 | D:5      | 3071 ||| READING scroll labelled JYLARO KEILU.
  3072 | D:5      | 3072 ||| READING 2 scrolls of identify.
  3072 | D:5      | 3072 ||| IDENTIFYING fizzy purple potion
  3073 | D:5      | 3073 ||| DROPPING potion of ambrosia.
  3097 | D:6      | Noticed Sigmund
  3102 | D:6      | Killed Sigmund
  3136 | D:6      | Reached skill level 11 in Ranged Weapons
  3157 | D:6      | Reached XP level 8. HP: 44/44 MP: 10/10
  3247 | D:6      | Noticed Maggie
  3255 | D:6      | HP: 11/44 [Maggie/+4 scimitar of flaming (1)]
  3260 | D:6      | HP: 1/44 [Maggie/+4 scimitar of flaming (12)]
  3260 | D:6      | Slain by Maggie

Levels and vault maps discovered:
D:1:      minmay_arrival_loop, layout_rooms, shapermc_ecumenical_altar_gd,
          minmay_misc_feat_doors, due_unseen_surprise
D:2:      layout_basic, serial_shops, shop, nicolae_book_shop_shelving, shop,
          nicolae_shop_getting_attention, nicolae_shop_hallway_stairs,
          minivault_26
D:3:      layout_basic, tgw_sif
D:4:      layout_basic
D:5:      layout_rooms, mainiacjoe_overflow_tiny_flanked, uniq_grinder
D:6:      layout_loops_ring, serial_shops, shop, uniq_maggie, uniq_sigmund

Skill      XL: |  1  2  3  4  5  6  7 |
---------------+----------------------+-----
Ranged Weapons | 6 7 8 9 10 11 | 11.6
Dodging        | 3 5 |  5.3
Fighting       | 2 |  2.0
Armour         | 1 |  1.6
Stealth        | |  1.2

Action                     |  1- 3 |  4- 6 |  7- 9 || total
---------------------------+-------+-------+-------++-------
   Fire: Shortbow          |    91 |    60 |    45 ||   196
    Use: Scroll            |     4 |     8 |     2 ||    14
         Potion            |     1 |     1 |       ||     2
 Armour: Leather armour    |     1 |       |       ||     1
         Ring mail         |     3 |     6 |     4 ||    13
  Dodge: Dodged            |     4 |     9 |    15 ||    28

Table legend:
 A = Non-vault XP
 B = Vault XP
 C = Vault XP percentage of total XP
 D = Non-vault monster count
 E = Vault monster count
 F = Vault count percentage of total count
                 A         B        C        D         E       F
            +---------+---------+-------+---------+---------+-------
      Total |     952 |     535 |  36.0 |      73 |       3 |   3.9
            +---------+---------+-------+---------+---------+-------
        D:1 |      21 |       0 |   0.0 |      12 |       0 |   0.0
        D:2 |      50 |       0 |   0.0 |      20 |       0 |   0.0
        D:3 |      46 |      37 |  44.6 |      14 |       1 |   6.7
        D:4 |      76 |       0 |   0.0 |      10 |       0 |   0.0
        D:5 |     404 |     267 |  39.8 |       9 |       1 |  10.0
        D:6 |     355 |     231 |  39.4 |       8 |       1 |  11.1
            +---------+---------+-------+---------+---------+-------
